 Dungeon Crawl Stone Soup version 0.30-a0-263-ge22c4ad894 (webtiles) character file.

Game seed: 10175715183571256525

56 jlumianski the Chopper (level 3, -3/28 HPs)
             Began as a Demonspawn Gladiator on Oct 13, 2022.
             Slain by a worm (9 damage)
             ... on level 2 of the Dungeon.
             The game lasted 00:04:15 (1047 turns).

jlumianski the Chopper (Demonspawn Gladiator)       Turns: 1047, Time: 00:04:15

Health: -3/28      AC:  9    Str: 16    XL:     3   Next: 69%
Magic:  3/3        EV:  7    Int:  9    God:
Gold:   82         SH:  3    Dex: 14    Spells: 2/2 levels left

rFire   . . .      SeeInvis .    a - +0 war axe
rCold   . . .      Faith    .    q - +0 buckler
rNeg    . . .      Spirit   .    f - +0 chain mail
rPois   .          Reflect  .    c - +0 helmet
rElec   .          Harm     .    (no cloak)
rCorr   .          Rampage  .    (no gloves)
Will    .....                    (no boots)
Stlth   ..........               (no amulet)
HPRegen 0.24/turn                (no ring)
MPRegen 0.08/turn                (no ring)

@: no status effects
A: demonic magic 1
a: no special abilities


You were on level 2 of the Dungeon.
You visited 1 branch of the dungeon, and saw 3 of its levels.

You collected 82 gold pieces.

Inventory:

Hand Weapons
 a - a +0 war axe (weapon)
Missiles
 d - 3 throwing nets
 e - a javelin
 m - 2 poisoned darts (quivered)
Armour
 b - a +0 leather armour
 c - a +0 helmet (worn)
 f - a +0 chain mail (worn)
 q - a +0 buckler (worn)
Scrolls
 g - a scroll of enchant weapon {unknown}
 h - a scroll of identify {unknown}
 j - a scroll of teleportation {unknown}
 k - a scroll of poison {unknown}
 l - a scroll of blinking {unknown}
 o - a scroll of acquirement {unknown}
Potions
 i - a potion of curing {unknown}
 n - 2 potions of heal wounds {unknown}
 p - a potion of degeneration {unknown}


   Skills:
 + Level 2.3 Fighting
 + Level 3.3 Axes
 + Level 2.0 Throwing
 + Level 1.0 Armour
 + Level 3.1 Dodging


You had 2 spell levels left.
You didn't know any spells.
Your spell library was empty.

Dungeon Overview and Level Annotations

Branches:
Dungeon (3/15)

Altars:

Shops:
D:1 [


Innate Abilities, Weirdness & Mutations

Spells you cast may paralyse adjacent enemies.


Message History

You hit the white imp. The white imp barely misses you. Natasha claws you.
The white imp hits you but does no damage.
You slash Natasha!
You kill Natasha!
Natasha yowls pathetically as she dies!
The white imp disappears in a puff of smoke!
Your Armour skill increases to level 1! 2 worms come into view.
You see here the felid corpse of Natasha.
Found a dagger.
You see here a poisoned dart.
You hit the worm.
The worm is moderately wounded.
The worm barely misses you.
You barely miss the worm.
The worm is moderately wounded.
The worm barely misses you.
You hit the worm.
The worm is moderately wounded.
The worm bites you.
You slash the worm!
The worm is heavily wounded.
You hit the worm. You block the worm's attack.
You hit the worm.
The worm is heavily wounded.
You hit the worm but do no damage. The worm bites you but does no damage.
The worm bites you.
You barely miss the worm.
The worm is heavily wounded.
You slash the worm!
The worm bites you but does no damage. x2
You hit the worm.
The worm is heavily wounded.
You hit the worm. The worm bites you!
* * * LOW HITPOINT WARNING * * *
You hit the worm.
The worm is almost dead.
You barely miss the worm. The worm bites you.
* * * LOW HITPOINT WARNING * * *
The worm bites you!
You die...

#.# #... #†# ##.## .#
.. #.# .####.##..# #.#
.##.......) #.#
.##....#..# #.#
##....((.# #.#
........# #.# #w....#.#
#######.#######@w.[...#
...............(....###
..###########.†.....#
#.......# #..........
#.......... #.......###
#<......# #.!...###


You could see 2 worms.

Vanquished Creatures
  Natasha (D:2)
  5 ball pythons
  2 endoplasms (D:1)
  3 giant cockroaches (D:1)
  4 goblins (D:1)
  A hobgoblin (D:2)
  3 kobolds (D:1)
  2 quokkas (D:1)
  6 bats (D:1)
  A rat (D:1)
28 creatures vanquished.

Notes
Turn   | Place    | Note
-------+----------+-------------------------------------------
     0 | D:1      | jlumianski the Demonspawn Gladiator began the quest for the
                  | Orb.
     0 | D:1      | Reached XP level 1. HP: 16/16 MP: 1/1
   249 | D:1      | Gained mutation: Spells you cast may paralyse adjacent
                  | enemies. [demonic ancestry]
   249 | D:1      | Reached XP level 2. HP: 19/22 MP: 2/2
   377 | D:1      | Found Riaf's Armour Boutique.
   592 | D:2      | Noticed Natasha
   594 | D:2      | Noticed a crimson imp
   820 | D:1      | Reached XP level 3. HP: 27/27 MP: 3/3
  1035 | D:2      | Killed Natasha
  1036 | D:2      | Reached skill level 1 in Armour
  1047 | D:2      | Slain by a worm

Illustrated notes

Levels and vault maps discovered:
D:1:      minmay_arrival_five_plusses, layout_loops_corners, serial_shops, shop,
          st_stairs_13
D:2:      layout_loops_ring, uniq_natasha
D:3:      layout_basic, minmay_misc_feat_nine_boxes, minmay_misc_feat_alley

Skill      XL: |  1  2  3 |
---------------+----------+-----
Dodging        | 3 |  3.1
Axes           | 3 |  3.3
Throwing       | 2 |  2.0
Armour         | 1 |  1.0
Fighting       | |  2.3

Action                   || total
-------------------------++-------
Melee: War axe           ||    96
Throw: Dart              ||     4
Armor: Chain mail        ||    65
       Leather armour    ||     2
Dodge: Dodged            ||    55
Block: Buckler           ||     3

Table legend: (Time is in decaauts)
 A = Elapsed time spent in this place.
 B = Non-inter-level travel time spent in this place.
 C = Inter-level travel time spent in this place.
 D = Time resting spent in this place.
 E = Time spent auto-exploring this place.
 F = Levels seen in this place.
 G = Mean time per level.
                   A        B        C        D        E       F      G
               +--------+--------+--------+--------+--------+-----+--------+
         Total |   1081 |   1081 |      0 |      0 |    413 |   3 |  360.3 |
       Dungeon |   1081 |   1081 |      0 |      0 |    413 |   3 |  360.3 |
               +--------+--------+--------+--------+--------+-----+--------+

Top non-repeatable levels by time:
     D:1: 909 daAuts
     D:2: 167 daAuts
     D:3: 4 daAuts
